 Dungeon Crawl Stone Soup version 0.31.0-32-g396128a36d (webtiles) character file.

Game seed: 9993667000457333552

169 monsoonserge the Ruffian (level 5, 0/34 HPs)
             Began as an Octopode Shapeshifter on Apr 9, 2024.
             Slain by a frilled lizard (1 damage)
             ... in a sewer.
             The game lasted 00:05:34 (1928 turns).

monsoonserge the Ruffian (Octopode Shapeshifter)    Turns: 1928, Time: 00:05:34

Health: 0/34       AC:  1    Str: 15    XL:     5   Next: 50%
Magic:  0/6        EV: 13    Int: 12    God:
Gold:   107        SH:  0    Dex: 12    Spells: 6/6 levels left

rFire   . .          .
                       - Unarmed
rCold   . . .        (no shield)
rNeg    . . .        (helmet currently unavailable)
rPois   .            h - amulet of guardian spirit
rElec   .            d - ring of wizardry
rCorr   .            (no ring)
SInv    .            (no ring)
Will    .....        (no ring)
Stlth   ++++         (no ring)
HPRegen 0.25/turn    (no ring)
MPRegen 0.10/turn    (no ring)
                     (no ring)

%: guardian spirit, wizardry (x1)
@: beast-form
A: beast (slay +2), almost no armour, amphibious, 8 rings, camouflage 1,
gelatinous body 1, nimble swimmer 1, tentacles
a: Begin Untransformation


You were in a sewer.
You were a hulking beast.
You visited 1 branch of the dungeon, and saw 3 of its levels.
You also visited: Sewer.

You collected 107 gold pieces.

Inventory:

Missiles
 g - 2 poisoned darts (quivered)
Jewellery
 d - a ring of wizardry (left tentacle)
 h - an amulet of guardian spirit (around mantle)
 k - a ring of flight
 r - an amulet of regeneration
Talismans
 b - a beast talisman
 c - a flux talisman
Scrolls
 e - a scroll of torment {unknown}
 f - 2 scrolls of noise {unknown}
 l - 3 scrolls of identify {unknown}
 n - a scroll of enchant weapon {unknown}
 p - a scroll of summoning {unknown}
Potions
 i - a potion of magic {unknown}
 j - a potion of degeneration {unknown}
 m - a potion of might {unknown}
 o - a potion of curing {unknown}
 q - a potion of resistance {unknown}


   Skills:
 + Level 2.0 Fighting
 + Level 2.0 Dodging
 + Level 1.2 Stealth
 + Level 4.9 Unarmed Combat
 - Level 1.0 Spellcasting
 - Level 3.5 Shapeshifting


You had 6 spell levels left.
You didn't know any spells.
Your spell library contained the following spells:

 Spells                   Type           Power      Damage    Failure   Level
 Apportation              Tloc           0%         N/A       12%         1
 Necrotise                Necr           0%         1d4       12%         1
 Sting                    Conj/Alch      0%         1d3       12%         1
 Summon Small Mammal      Summ           0%         N/A       12%         1
 Fugue of the Fallen      Necr           0%         N/A       32%         3
 Ozocubu's Armour         Ice            0%         N/A       32%         3
 Manifold Assault         Tloc           0%         N/A       71%         4


Dungeon Overview and Level Annotations

Branches:
Dungeon (3/15)              Sewer (1/1)

Altars:


Innate Abilities, Weirdness & Mutations

You are a hulking beast.
Your limbs bulge with bestial killing power. (Slay +2)
You cannot wear most types of armour.
You are amphibious.
You can wear up to eight rings at the same time.
Your skin changes colour to match your surroundings (Stealth+).
Your rubbery body absorbs attacks. (AC +1, EV +1)
You are camouflaged when in or above water. (Stealth+)
You have tentacles for arms and can constrict up to eight enemies at once.


Message History

You enter the shallow water. 2 ball pythons and a dart slug come into view.
Found seven items.
The dart slug moves out of view. 2 frilled lizards come into view.
The helpless giant cockroach fails to defend itself.
You bludgeon the giant cockroach!
You kill the giant cockroach!
A bullfrog and a giant cockroach come into view.
The ball python hisses angrily.
The frilled lizard hisses angrily. x2
You hear a loud, deep croak!
A bullfrog comes into view.
The ball python hisses angrily.
You bludgeon the dart slug! You grab the dart slug. You squeeze the dart slug.
You kill the dart slug!
You tentacle-slap the ball python.
You kill the ball python!
You bludgeon the ball python!
You kill the ball python!
The bullfrog hits you.
You closely miss the bullfrog. Your grab misses the bullfrog.
The bullfrog hits you. x2
You completely miss the bullfrog. Your grab misses the bullfrog.
The bullfrog closely misses you. The bullfrog hits you.
The bullfrog closely misses you.
Unknown command.
The bullfrog attacks as it pursues you! The bullfrog hits you! x2
* * * LOW HITPOINT WARNING * * *
The frilled lizard bites you.
* * * LOW HITPOINT WARNING * * *
Okay, then.
You barely miss the bullfrog. You grab the bullfrog. You squeeze the bullfrog.
The bullfrog is lightly wounded.
You constrict the bullfrog.
The bullfrog hits you but does no damage.
You bludgeon the bullfrog!
The bullfrog is severely wounded.
You constrict the bullfrog. The bullfrog hits you!
* * * LOW HITPOINT WARNING * * *
The frilled lizard bites you.
You die...

#~~~.~#####~.~~~##
#~~~###~~.###~~~~#
##.~##.~~~~~~##†~~#
##..##~~~†~.~~~##~~##
#~~~†~~.~.~†.~~~#~~.#
#.~~~~#######~~~##~†#
#######~###~~~~≈##~~~#~~##
#~~~.~###~~†~~~~≈##~~#~~~#
#~...~#.~~hFl..~~≈#..##..#
#.††~.#..##l†~?.~≈##~~#.~#
#~~#~~#~.#~F~$!=.~≈#~~#.~#
#~~#~~#†~#..~~}[.~≈#~~#~.#
#~~#~##.~#~~~..)~~≈#.~#~~#
#~~#.#~.~#≈~~~~.~≈≈#~.#.†#
#.~#~#∩.~#≈~~~~~~≈≈#~~#~~#
#~~#.#.~.##≈~~~~≈≈##~~#~~#
#~~#.###~.#≈≈.~~≈≈#~~##~.#


You could see 2 bullfrogs and 2 frilled lizards.

Vanquished Creatures
  5 adders
  11 dart slugs (Sewer)
  4 orcs (D:3)
  8 bats
  6 endoplasms
  11 giant cockroaches
  5 goblins
  4 hobgoblins
  2 jackals (D:1)
  9 quokkas
  13 ball pythons
  13 frilled lizards
  A kobold (D:3)
  2 rats
94 creatures vanquished.

Notes
Turn   | Place    | Note
-------+----------+-------------------------------------------
     0 | D:1      | monsoonserge the Octopode Shapeshifter began the quest for
                  | the Orb.
     0 | D:1      | Reached XP level 1. HP: 13/13 MP: 1/1
    70 | D:1      | Reached XP level 2. HP: 15/18 MP: 2/2
    87 | D:1      | Reached skill level 1 in Stealth
   680 | D:2      | Reached XP level 3. HP: 20/24 MP: 1/3
   958 | D:2      | Found a faded altar of an unknown god.
   964 | D:2      | Got Plato's Collected Works on Reconfiguration
  1388 | D:3      | Reached skill level 1 in Spellcasting
  1550 | D:3      | Found a glowing drain.
  1572 | D:3      | Reached XP level 4. HP: 23/29 MP: 5/5
  1609 | Sewer    | Entered a sewer
  1681 | Sewer    | Reached skill level 4 in Unarmed Combat
  1762 | Sewer    | Reached XP level 5. HP: 34/34 MP: 6/6
  1928 | Sewer    | HP: 1/34 [bullfrog (7)]
  1928 | Sewer    | Slain by a frilled lizard

Illustrated notes

Levels and vault maps discovered:
D:1:      lightli_arrival_chessboard, layout_basic, serial_glass,
          glass_columns_a, glass_columns_c
D:2:      layout_basic, shapermc_ecumenical_altar_rom_forum
D:3:      layout_rooms, serial_shops, shop, gup_sewer_entry_pipe,
          kennysheep_nondescript
Sewer:    sewer_frog_island_02

Skill      XL: |  1  2  3  4 |
---------------+-------------+-----
Stealth        | 1 |  1.2
Fighting       | 2 |  2.0
Spellcasting   | 1 |  1.0
Unarmed Combat | 4 |  4.9
Dodging        | |  2.0
Shapeshifting  | |  3.5

Action                     |  1- 3 |  4- 6 || total
---------------------------+-------+-------++-------
  Melee: Unarmed           |    90 |    87 ||   177
         Constrict         |    26 |    13 ||    39
         Tentacles         |    17 |    11 ||    28
         Punch             |       |     1 ||     1
  Throw: Dart              |       |     1 ||     1
    Use: Potion            |       |     1 ||     1
   Stab: Sleeping          |    12 |     8 ||    20
 Armour: Skin              |    40 |    53 ||    93
  Dodge: Dodged            |    65 |    35 ||   100
